 Dungeon Crawl Stone Soup version 0.29.1-2-gbd0b4ee654 (webtiles) character file.

Game seed: 10344611375158479568

157 DemonSlayer the Firebug (level 5, 0/35 HPs)
             Began as a Demonspawn Fire Elementalist on Nov 1, 2022.
             Slain by a gnoll
             ... wielding a +0 halberd
              (9 damage)
             ... on level 4 of the Dungeon.
             The game lasted 00:05:07 (4102 turns).

DemonSlayer the Firebug (DsFE)                      Turns: 4102, Time: 00:05:07

Health: 0/35       AC:  2    Str: 10    XL:     5   Next: 15%
Magic:  2/9        EV: 12    Int: 19    God:
Gold:   120        SH:  0    Dex: 13    Spells: 4/10 levels left

rFire   . . .      SeeInvis .   k - +6 dagger of Hacking and Slashing {distort, Str+2}
rCold   . . .      Faith    .   (no shield)
rNeg    . . .      Spirit   .   a - +0 robe
rPois   .          Reflect  .   (no helmet)
rElec   .          Harm     .   (no cloak)
rCorr   .          Rampage  .   (no gloves)
Will    .....                   (no boots)
Stlth   ++........              (no amulet)
HPRegen 0.11/turn               (no ring)
MPRegen 0.22/turn               (no ring)

@: no status effects
A: hooves 1, demonic guardian 1, magic regeneration
a: no special abilities


You were on level 4 of the Dungeon.
You visited 1 branch of the dungeon, and saw 4 of its levels.

You collected 120 gold pieces.

Inventory:

Hand Weapons
 k - the +6 dagger of Hacking and Slashing (weapon) {distort, Str+2}
   (You found it on level 3 of the Dungeon)

   It warps and distorts space around it, and may blink, banish, or inflict
   extra damage upon those it strikes.
   Unwielding it can cause banishment or high damage.
   Str:       It affects your strength (+2).
Armour
 a - a +0 robe (worn)
Scrolls
 b - a scroll of amnesia {unknown}
 c - 2 scrolls of enchant weapon {unknown}
 d - a scroll of poison {unknown}
 e - a scroll of summoning {unknown}
 g - a scroll of fear {unknown}
 h - 3 scrolls of identify {unknown}
 j - 2 scrolls of blinking {unknown}
Potions
 f - a potion of might {unknown}
 i - a potion of lignification {unknown}


   Skills:
 + Level 0.2 Short Blades
 + Level 2.0 Dodging
 + Level 2.1 Stealth
 + Level 3.2 Spellcasting
 + Level 2.4 Conjurations
 + Level 3.7 Fire Magic


You had 4 spell levels left.
You knew the following spells:

 Your Spells              Type           Power      Damage    Failure   Level
a - Foxfire               Conj/Fire      56%        2x1d6     4%          1
b - Scorch                Fire           34%        2d6       4%          2
c - Summon Guardian Gole  Hex/Summ       3%         N/A       41%         3

Your spell library contained the following spells:

 Spells                   Type           Power      Damage    Failure   Level
 Conjure Flame            Conj/Fire      14%        6-21      12%         3
 Apportation              Tloc           6%         N/A       16%         1
 Necrotise                Necr           12%        1d4       16%         1
 Summon Small Mammal      Summ           12%        N/A       16%         1
 Inner Flame              Hex/Fire       10%        N/A       21%         3
 Flame Wave               Conj/Fire      14%        2d6       38%         4
 Call Canine Familiar     Summ           3%         N/A       41%         3
 Frozen Ramparts          Ice            6%         1d1       41%         3
 Ice Form                 Ice/Tmut       3%         N/A       83%         4
 Summon Ice Beast         Ice/Summ       3%         N/A       83%         4


Dungeon Overview and Level Annotations

Branches:
Dungeon (4/15)
 Temple: D:4-7

Altars:

Annotations:
D:4 1 transporter


Innate Abilities, Weirdness & Mutations

You have large cloven feet.
A weak demonic guardian rushes to your aid.
You regenerate magic rapidly.


Message History

The gnoll is lightly wounded.
The foxfire hits the gnoll.
The gnoll is severely wounded.
The gnoll hits you with a +0 whip.
A demonic guardian appears!
The foxfire hits the gnoll.
You kill the gnoll!
You conjure some foxfire!
Unknown command.
You conjure some foxfire!
The foxfire hits the gnoll.
The gnoll is moderately wounded.
The foxfire hits the gnoll.
The gnoll is heavily wounded.
The foxfire hits the gnoll.
You kill the gnoll!
You conjure some foxfire!
The foxfire hits the gnoll.
The gnoll is moderately wounded.
The foxfire hits the gnoll but does no damage.
The gnoll is moderately wounded.
The gnoll closely misses you.
You conjure some foxfire!
The foxfire hits the gnoll.
The gnoll is heavily wounded.
The gnoll closely misses you.
You conjure some foxfire!
The foxfire hits the gnoll.
The gnoll is severely wounded.
The foxfire hits the gnoll but does no damage.
The gnoll is severely wounded.
Your foxfire dissipates!
The gnoll hits you from afar with a +0 halberd!
Your foxfire dissipates!
Found a stone staircase leading up.
The gnoll hits you with a +0 halberd!
* * * LOW HITPOINT WARNING * * *
A demonic guardian appears!
Things that are here:
a +0 whip; a gnoll corpse You are too injured to fight recklessly!
You are too injured to fight recklessly!
You closely miss the gnoll.
The gnoll is severely wounded.
The gnoll hits you with a +0 halberd!
You die...

... #.. .....#
#.. ...... ...
...... ..##....#
...#...#
..#.####.....#
.....)g@v§...#
.....5##§§...##
#.....#§......##
#<.............#
.............###
##########.#...#
....5o#~8#.#...#
≈≈≈≈≈#.P#...###
~~~..#.$#.....##


You could see a gnoll (ally target) and a friendly white imp (summoned).

Vanquished Creatures
  A phantom (D:3)
  2 gnolls (D:4)
  3 worms (D:2)
  A dart slug (D:3)
  4 ball pythons
  5 endoplasms
  2 giant cockroaches
  6 goblins
  3 hobgoblins (D:1)
  3 quokkas
  9 bats
  4 frilled lizards
  4 kobolds
  8 rats
55 creatures vanquished.

Vanquished Creatures (others)
  309 foxfires
309 creatures vanquished.

Grand Total: 364 creatures vanquished

Notes
Turn   | Place    | Note
-------+----------+-------------------------------------------
     0 | D:1      | DemonSlayer the Demonspawn Fire Elementalist began the
                  | quest for the Orb.
     0 | D:1      | Reached XP level 1. HP: 13/13 MP: 3/3
   270 | D:1      | Gained mutation: You have large cloven feet. [demonic
                  | ancestry]
   270 | D:1      | Reached XP level 2. HP: 15/19 MP: 1/5
   335 | D:1      | Learned a level 2 spell: Scorch
  1568 | D:1      | Found a faded altar of an unknown god.
  1573 | D:1      | Gained mutation: You regenerate magic rapidly. [demonic
                  | ancestry]
  1573 | D:1      | Reached XP level 3. HP: 24/24 MP: 3/6
  1790 | D:1      | Learned a level 3 spell: Summon Guardian Golem
  3138 | D:3      | Identified the +6 dagger of Hacking and Slashing {distort,
                  | Str+2}
  3371 | D:3      | Noticed a phantom
  3395 | D:3      | Killed a phantom
  3396 | D:3      | Gained mutation: A weak demonic guardian rushes to your
                  | aid. [demonic ancestry]
  3396 | D:3      | Reached XP level 4. HP: 7/30 MP: 8/8
  3787 | D:3      | Reached XP level 5. HP: 35/35 MP: 6/9
  4073 | D:4      | Found a transporter.
  4102 | D:4      | Slain by a gnoll

Illustrated notes

Levels and vault maps discovered:
D:1:      minmay_arrival_checkered_box, layout_basic, basic_ecumenical_altar,
          kennysheep_decorative_pillar, hex_large
D:2:      layout_basic
D:3:      layout_basic
D:4:      gammafunk_wand_slinger, layout_cave_pools,
          minmay_temple_entry_from_below_a, solitary_fountain

Skill      XL: |  1  2  3 |
---------------+----------+-----
Fire Magic     | 3 |  3.7
Stealth        | 2 |  2.1
Dodging        | 2 |  2.0
Spellcasting   | 3 |  3.2
Conjurations   | 2 |  2.4
Short Blades   | |  0.2

Action                   |  1- 3 |  4- 6 || total
-------------------------+-------+-------++-------
Melee: Unarmed           |    20 |       ||    20
       Dagger            |    24 |     2 ||    26
       Kick              |     3 |       ||     3
       Punch             |     1 |       ||     1
 Cast: Foxfire           |   176 |    26 ||   202
  Use: Potion            |     2 |       ||     2
 Stab: Sleeping          |     3 |       ||     3
Armor: Robe              |    13 |       ||    13
Dodge: Dodged            |    44 |     3 ||    47
